 Dungeon Crawl Stone Soup version 0.25-a0-614-g73ad250637 (webtiles) character file.

Game seed: 10741870108475125418, levelgen mode: deterministic

58 kae the Insei (level 3, -2/29 HPs)
             Began as a Demonspawn Monk on Mar 17, 2020.
             Slain by a gnoll (8 damage)
             ... on level 1 of the Dungeon.
             The game lasted 00:01:17 (1346 turns).

kae the Insei (Demonspawn Monk)                     Turns: 1346, Time: 00:01:18

Health: -2/29      AC:  2    Str: 12    XL:     3   Next: 76%
Magic:  3/3        EV: 13    Int: 11    God:
Gold:   54         SH:  0    Dex: 15    Spells: 2/2 levels left

rFire    . . .     SeeInvis .     - Unarmed
rCold    . . .     Gourm    +   (no shield)
rNeg     . . .     Faith    .   a - +0 robe
rPois    .         Spirit   .   (no helmet)
rElec    .         Reflect  .   (no cloak)
rCorr    .         Harm     .   (no gloves)
MR       +....                  (no boots)
Stlth    ++........             m - amulet of the gourmand
HPRegen  0.09/turn              d - ring of protection from magic
MPRegen  0.08/turn              (no ring)

@: no status effects
A: powered by pain 1
a: no special abilities


You were on level 1 of the Dungeon.
You were not hungry.

You visited 1 branch of the dungeon, and saw 2 of its levels.

You collected 54 gold pieces.

Inventory:

Armour
 a - a +0 robe (worn)
Jewellery
 d - a ring of protection from magic (left hand)
 m - an amulet of the gourmand (around neck)
Scrolls
 g - 2 scrolls of identify {unknown}
 h - a scroll of blinking {unknown}
 i - a scroll of amnesia {unknown}
 j - a scroll of remove curse {unknown}
 l - a scroll of random uselessness {unknown}
Potions
 c - a potion of lignification {unknown}
 e - a potion of curing
 f - a potion of stabbing {unknown}
 k - 3 potions of degeneration {unknown}
 n - a potion of flight {unknown}
Comestibles
 b - a ration
 o - 2 chunks of flesh


   Skills:
 + Level 3.6 Fighting
 - Level 2.6 Dodging
 - Level 1.7 Stealth
 * Level 3.9 Unarmed Combat


You had 2 spell levels left.
You didn't know any spells.
Your spell library was empty.

Dungeon Overview and Level Annotations

Branches:
Dungeon (2/15)

Altars:
Xom


Innate Abilities, Weirdness & Mutations

You sometimes gain a little power by taking damage.


Message History

The gnoll closely misses you. The gnoll misses you.
There is a stone staircase leading up here.
The gnoll hits you from afar with a +0 spear!
The gnoll barely misses you.
You climb upwards.
There is a stone staircase leading down here.
Unknown command.
Unknown command.
You closely miss the gnoll. The gnoll closely misses you.
You hit the gnoll.
The gnoll is heavily wounded.
The gnoll misses you.
You hit the gnoll.
The gnoll is heavily wounded.
The gnoll hits you.
* * * LOW HITPOINT WARNING * * *
You hit the gnoll.
The gnoll is almost dead.
The gnoll hits you!
You die...

#.#..# #.##########.#
#.#..# #.# #.# #.#..#
#####.####### #.#
#####.#######...........#
#.#
............#####.###...#
#.# #####.#######
#.###.### #.#
#.#.#########.##...# #.#
#.#...........##.#.# #.#
#.##########@.##.#.#####.#
##.## #.g...#....##.#
####8>8# #..#######....#
#..##.## #.....#....####
#.###.# #.###...####
#...#.# ##.###...##
#.#...# #..##.....##
#[##### #.#........# #.#
#.#.#.....##


You could see a gnoll.

Vanquished Creatures
  2 adders (D:2)
  A dart slug (D:2)
  A leopard gecko (D:1)
  3 bats (D:1)
  6 goblins
  7 hobgoblins
  6 jackals
  2 kobolds (D:1)
  2 frilled lizards
  3 rats
33 creatures vanquished.

Notes
Turn   | Place    | Note
-------+----------+-------------------------------------------
     0 | D:1      | kae the Demonspawn Monk began the quest for the Orb.
     0 | D:1      | Reached XP level 1. HP: 18/18 MP: 1/1
   313 | D:1      | Gained mutation: You sometimes gain a little power by
                  | taking damage. [demonic ancestry]
   313 | D:1      | Reached XP level 2. HP: 23/24 MP: 2/2
   888 | D:2      | Reached XP level 3. HP: 29/29 MP: 3/3
   917 | D:2      | Found a shimmering altar of Xom.
  1346 | D:1      | Slain by a gnoll

Levels and vault maps discovered:
D:1:      lemuel_arrival_cross, layout_loops_ring
D:2:      layout_basic, lemuel_doored_altar, hex_large

Skill      XL: |  1 |
---------------+----+-----
Unarmed Combat | 3 |  3.9
Fighting       | |  3.6
Dodging        | |  2.6
Stealth        | |  1.7

Action                   || total
-------------------------++-------
Melee: Unarmed           ||   118
       Punch             ||     1
  Use: Potion            ||     2
 Stab: Sleeping          ||     8
  Eat: Chunk             ||     2
Armor: Robe              ||    16
Dodge: Dodged            ||    81

Table legend:
 A = Non-vault XP
 B = Vault XP
 C = Vault XP percentage of total XP
 D = Non-vault monster count
 E = Vault monster count
 F = Vault count percentage of total count
                 A         B        C        D         E       F
            +---------+---------+-------+---------+---------+-------
      Total |      84 |       0 |   0.0 |      33 |       0 |   0.0
            +---------+---------+-------+---------+---------+-------
        D:1 |      36 |       0 |   0.0 |      20 |       0 |   0.0
        D:2 |      48 |       0 |   0.0 |      13 |       0 |   0.0
            +---------+---------+-------+---------+---------+-------
